[Event "Team 45 45 League T57"]
[Site "Internet Chess Club"]
[Date "2013.06.02"]
[Round "2"]
[White "theartist"]
[Black "wekabird"]
[Result "1-0"]
[WhiteElo "1140"]
[BlackElo "1142"]
[Opening "QGD: semi-Slav, Marshall gambit"]
[ECO "D10"]
[Time "16:01:40"]
[TimeControl "2700+45"]

1. d4 d5 2. c4 c6 3. Nc3 e6 4. e4 dxe4 5. Nxe4 Be7 6. Nf3 Nf6 7. Nxf6+ Bxf6 8.
Be2 O-O 9. O-O Nd7 10. Be3 Nb6 11. b3 a5 12. Qc2 g6 13. Rfd1 Nd7 14. Rab1 Qe7
15. Bf4 b5 16. c5 b4 17. Qe4 Ba6 18. Bd6 Qd8 19. Bxf8 Nxf8 20. Rd2 Bxe2 21. Rxe2
Rc8 22. Rd1 Bg7 23. Ne5 Bxe5 24. Qxe5 f6 25. Qd6 Qe8 26. d5 Rd8 27. Qf4 Qf7 28.
d6 Rd7 29. Qf3 e5 30. Qxc6 Ne6 31. Qd5 Nd4 32. Qxf7+ Kxf7 33. Red2 Ke6 34. f4 h5
35. fxe5 fxe5 36. Rxd4 exd4 37. Rxd4 g5 38. g4 h4 39. h3 Ke5 40. Rd2 Ke6 41. Kf2
Rf7+ 42. Ke3 Rd7 43. Ke4 Rd8 44. Rd5 a4 45. Rxg5 axb3 46. axb3 Kd7 47. Kd5 Rc8
48. Rg7+ Kd8 49. c6 Ra8 50. Rg8# {Black checkmated} 1-0

[Event "Team 45 45 League T57"]
[Site "Internet Chess Club"]
[Date "2013.06.01"]
[Round "2"]
[White "dabodhi"]
[Black "seattleblues"]
[Result "0-1"]
[WhiteElo "1318"]
[BlackElo "1467"]
[Opening "Caro-Kann: two knights variation"]
[ECO "B11"]
[Time "21:00:06"]
[TimeControl "2700+45"]

1. e4 c6 2. Nc3 d5 3. Nf3 dxe4 4. Nxe4 Bf5 5. Ng3 Bg6 6. Bc4 Nf6 7. h4 h6 8. Ne5
Nd5 9. Nxg6 fxg6 10. Qf3 e6 11. h5 g5 12. Qe4 Qf6 13. c3 Bd6 14. d4 Nd7 15. Ne2
O-O 16. Rf1 Rae8 17. Bd3 Qf5 18. Qxf5 exf5 19. Be3 Nxe3 20. fxe3 Bg3+ 21. Kd2
Bd6 22. Bxf5 Nf6 23. Rf3 Nxh5 24. Bg6 Rxf3 25. gxf3 Nf6 26. Bxe8 Nxe8 27. Rf1
Nf6 28. Kd3 Nd5 29. f4 g4 30. Ng3 g6 31. Ne4 Be7 32. f5 gxf5 33. Rxf5 Kg7 34.
Re5 Kf7 35. Rh5 Kg6 36. Re5 h5 37. a3 Bh4 38. Re8 Nf6 39. Nxf6 Bxf6 40. Rg8+ Kh7
41. Rb8 g3 42. Rxb7+ Kg6 43. Ke2 h4 44. Rb8 h3 45. Rg8+ Bg7 46. Re8 h2 47. Re4
h1=Q 48. Rg4+ Kf6 49. Rxg3 Qh2+ 50. Kf3 Qxb2 51. Rg4 Qxa3 52. Rf4+ Kg6 53. Rg4+
Kh6 54. Rh4+ Kg6 55. Rg4+ Kf7 56. Rf4+ Kg8 57. c4 Qe7 58. Re4 Qf7+ 59. Kg3 Qxc4
60. Re8+ Kh7 61. Kg4 Qe2+ 62. Kf5 Qh5+ 63. Kf4 Qxe8 64. Kf5 a5 65. e4 a4 66. d5
cxd5 67. Kg5 a3 68. Kf5 a2 69. Kg5 a1=Q 70. Kf5 Qf1+ 71. Kg5 Qg6+ 72. Kh4 Qh1#
{White checkmated} 0-1

[Event "Team 45 45 League T57"]
[Site "Internet Chess Club"]
[Date "2013.05.31"]
[Round "2"]
[White "medsurg"]
[Black "Aquaman"]
[Result "1-0"]
[WhiteElo "1319"]
[BlackElo "1332"]
[Opening "Robatsch (modern) defense"]
[ECO "B06"]
[Time "21:02:05"]
[TimeControl "2700+45"]

1. e4 g6 2. d4 Bg7 3. Nf3 c5 4. c3 cxd4 5. cxd4 d5 6. exd5 Nf6 7. Nc3 Nxd5 8.
Nxd5 Qxd5 9. Be2 Nc6 10. Be3 O-O 11. O-O b5 12. b3 a6 13. Rc1 Bb7 14. Rc5 Qd8
15. Qd2 Re8 16. Rd1 e6 17. h4 h5 18. Bh6 Bf6 19. Qf4 Qe7 20. Bg5 Bxg5 21. Rxg5
Nb4 22. Ne5 Nd5 23. Qg3 Nf6 24. Bxh5 Ne4 25. Rxg6+ fxg6 26. Qg4 Qg7 27. Bxg6 Nf6
28. Qg5 Rf8 29. h5 Ne4 30. Qh4 Qf6 31. Qxf6 Rxf6 32. f3 Nc3 33. Rd2 Nd5 34. Ng4
Rff8 35. Re2 Bc8 36. Re5 Nf4 37. Be4 Ne2+ 38. Kh2 Nxd4 39. Rg5+ Kf7 40. Bxa8 Nf5
41. Bc6 Rd8 42. Ne5+ Kf6 43. f4 Rd4 44. Rg6+ Ke7 45. g3 Rd2+ 46. Kh3 Rxa2 47. h6
Kf8 48. h7 Ke7 49. h8=Q Kd6 50. Qxc8 Nd4 51. Qd7+ Kc5 52. Nd3+ Kb6 53. Qxd4+
Kxc6 54. Rxe6+ {Black resigns} 1-0

[Event "Team 45 45 League T57"]
[Site "Internet Chess Club"]
[Date "2013.06.01"]
[Round "2"]
[White "semperfi"]
[Black "tcianciola"]
[Result "1-0"]
[WhiteElo "1368"]
[BlackElo "1253"]
[Opening "King's Indian: Petrosian system"]
[ECO "E92"]
[Time "11:56:00"]
[TimeControl "2700+45"]

1. d4 Nf6 2. Nf3 g6 3. c4 Bg7 4. Nc3 O-O 5. e4 d6 6. Be2 e5 7. d5 Na6 8. Be3 Nd7
9. Qd2 Nac5 10. Qc2 a5 11. O-O f5 12. exf5 Rxf5 13. a3 Qe7 14. b4 axb4 15. axb4
Rxa1 16. Rxa1 e4 17. Ng5 Nd3 18. Bxd3 exd3 19. Qxd3 Ne5 20. Qe4 Bh6 21. Ne6 Bxe3
22. fxe3 Bxe6 23. dxe6 Qxe6 24. Qd5 Qxd5 25. Nxd5 Rf7 26. Ra8+ Kg7 27. c5 c6 28.
Nf4 d5 29. Ne6+ Kf6 30. Nd4 Nc4 31. Kf2 Re7 32. Rf8+ Kg7 33. Rf3 Nd2 34. Rh3
Ne4+ 35. Ke2 Rf7 36. Nf3 Rd7 37. Nd2 Nc3+ 38. Kd3 Na2 39. Rh4 Rf7 40. Nf3 h5 41.
Rf4 Rxf4 42. exf4 Nxb4+ 43. Kd4 Kf6 44. Ne5 Nc2+ 45. Kc3 Ne3 46. g3 Kf5 47. Kb4
d4 48. Ka5 Ke4 49. Kb6 d3 50. Nxd3 Kxd3 51. Kxb7 Nd5 52. Kxc6 Kc4 53. Kd6 Nf6
54. c6 Nd5 55. c7 Nxc7 56. Kxc7 Kd5 57. Kd7 Ke4 58. Ke6 Kf3 59. Kf6 Kg2 60. Kxg6
Kxh2 61. Kxh5 Kxg3 62. f5 Kf4 63. f6 Kf5 64. f7 Kf6 65. f8=Q+ {Black resigns}
1-0

[Event "Team 45 45 League T57"]
[Site "Internet Chess Club"]
[Date "2013.06.03"]
[Round "2"]
[White "WzeroMN"]
[Black "RobertBuice"]
[Result "1-0"]
[WhiteElo "1083"]
[BlackElo "1042"]
[Opening "Ruy Lopez: Berlin defense, Beverwijk variation"]
[ECO "C64"]
[Time "18:00:10"]
[TimeControl "2700+45"]

1. e4 e5 2. Nf3 Nc6 3. Bb5 Bc5 4. O-O Nf6 5. Re1 O-O 6. Bxc6 bxc6 7. Nxe5 Bb7 8.
d3 d5 9. Bg5 Qd6 10. Nf3 Ng4 11. Be3 dxe4 12. Bxc5 Qxc5 13. d4 Qe7 14. Nc3 f5
15. h3 Nf6 16. Ne5 Rad8 17. Ne2 c5 18. c3 Nd5 19. Qb3 cxd4 20. cxd4 c5 21. Nc4
Kh8 22. dxc5 Ba6 23. c6 f4 24. Nd4 e3 25. fxe3 fxe3 26. Nxe3 Nxe3 27. Rxe3 Qc5
28. Ne6 Rf1+ 29. Kh2 Qd6+ 30. g3 Rxa1 31. h4 Qd2+ 32. Kh3 Rd3 33. Rxd3 Qxd3 34.
Qb8+ Bc8 35. Qxc8+ Qd8 36. Qxd8# {Black checkmated} 1-0

[Event "Team 45 45 League T57"]
[Site "Internet Chess Club"]
[Date "2013.06.01"]
[Round "2"]
[White "Portola"]
[Black "RamRock"]
[Result "0-1"]
[WhiteElo "1822"]
[BlackElo "1895"]
[Opening "Dutch, 2.Bg5 variation"]
[ECO "A80"]
[Time "12:08:59"]
[TimeControl "2700+45"]

1. d4 f5 2. Bg5 Nf6 3. Bxf6 exf6 4. e3 d5 5. Bd3 Be6 6. Nh3 Bd6 7. c3 Qd7 8. Nd2
c6 9. Nf4 Qf7 10. Qf3 g6 11. O-O Nd7 12. Nxe6 Qxe6 13. a3 Bc7 14. c4 Nb6 15.
cxd5 Nxd5 16. g3 O-O 17. Rfe1 Kg7 18. e4 fxe4 19. Bxe4 Qd7 20. Bxd5 Qxd5 21.
Qxd5 cxd5 22. Rac1 Bb6 23. Nf3 Rfe8 24. Rxe8 Rxe8 25. Kf1 Kf7 26. Rc2 Re4 27.
Rd2 g5 28. h3 h5 29. Re2 Rxe2 30. Kxe2 g4 31. hxg4 hxg4 32. Nh2 Bxd4 33. b3 f5
34. Nf1 Ke6 35. f4 Bc3 36. Ne3 b5 37. Nd1 d4 38. Kd3 Kd5 39. b4 Be1 40. a4 bxa4
{White resigns} 0-1

[Event "Team 45 45 League T57"]
[Site "Internet Chess Club"]
[Date "2013.06.02"]
[Round "2"]
[White "kidcobra"]
[Black "kabindra"]
[Result "1-0"]
[WhiteElo "1777"]
[BlackElo "1825"]
[Opening "two knights: Max Lange attack"]
[ECO "C55"]
[Time "16:01:46"]
[TimeControl "2700+45"]

1. e4 e5 2. Nf3 Nc6 3. d4 exd4 4. Bc4 Nf6 5. O-O Bc5 6. e5 d5 7. exf6 dxc4 8.
fxg7 Rg8 9. Re1+ Be7 10. Bg5 Be6 11. Bxe7 Qxe7 12. Nxd4 Nxd4 13. Qxd4 c5 14. Qe5
O-O-O 15. Nc3 Qc7 16. Qxc7+ Kxc7 17. Ne4 b6 18. Ng5 Rde8 19. Nxh7 Rxg7 20. Nf6
Rh8 21. Re3 Rg6 22. Ne4 Bd5 23. Rd1 Kc6 24. Ng3 Be6 25. Ne2 Rgh6 26. h3 Rf6 27.
Ng3 Rf4 28. Re4 Rxe4 29. Nxe4 Bf5 30. f3 Rh6 31. Kf2 Re6 32. Re1 Bg6 33. c3 b5
34. g4 f5 35. Ng3 Rxe1 36. Kxe1 fxg4 37. fxg4 b4 38. Kd2 Bb1 39. a3 a5 40. h4
Kd5 41. g5 Ke5 42. Ke3 Bc2 43. h5 bxa3 44. bxa3 a4 45. g6 Kf6 46. Ne4+ Kg7 47.
Kf4 Kh6 48. Ng3 Bd3 49. Nf5+ {Black resigns} 1-0

[Event "Team 45 45 League T57"]
[Site "Internet Chess Club"]
[Date "2013.06.04"]
[Round "2"]
[White "evan7284"]
[Black "amicusUK"]
[Result "1/2-1/2"]
[WhiteElo "1743"]
[BlackElo "1652"]
[Opening "Queen's pawn: Torre attack"]
[ECO "A46"]
[Time "17:00:07"]
[TimeControl "2700+45"]

1. d4 Nf6 2. Nf3 e6 3. Bg5 h6 4. Bh4 g5 5. Bg3 Nh5 6. e4 Nxg3 7. hxg3 d6 8. Qd2
c6 9. Nxg5 Bg7 10. Nf3 Qb6 11. c3 Nd7 12. Na3 d5 13. exd5 exd5 14. Qe3+ Kd8 15.
O-O-O Re8 16. Qf4 Nf6 17. Bd3 Qc7 18. Qh4 Be6 19. Rde1 Qe7 20. Ne5 Nd7 21. Nxf7+
Kc8 22. Qxe7 Rxe7 23. Nxh6 Kc7 24. Nf5 Bxf5 25. Rxe7 Bf6 26. Re3 Bxd3 27. Rxd3
Re8 28. Kd2 Rg8 29. f4 Be7 30. Rh7 Kd8 31. Nc2 Nf6 32. Rh1 Ne4+ 33. Ke1 Nxg3 34.
Rh3 Ne4 35. g3 Bd6 36. Rf3 Re8 37. Kd1 Rg8 38. Ne3 Rf8 39. f5 Ng5 40. Rh6 Nxf3
41. Rxd6+ Ke7 42. Rh6 Ng5 43. g4 Ne4 44. Rh2 Kf6 45. Rh7 Rf7 46. Rxf7+ Kxf7 47.
Ke2 Kf6 48. Kf3 Kg5 49. Ng2 Nf6 50. Ne3 Ne4 51. Kg2 Kf4 52. g5 Kxg5 53. Kf3 Nd6
54. f6 Kxf6 55. Kf4 {Game drawn by mutual agreement} 1/2-1/2

[Event "Team 45 45 League T57"]
[Site "Internet Chess Club"]
[Date "2013.05.29"]
[Round "2"]
[White "KidRattler"]
[Black "g8wrb"]
[Result "1/2-1/2"]
[WhiteElo "1456"]
[BlackElo "1436"]
[Opening "Nimzo-Indian defense"]
[ECO "E20"]
[Time "16:47:19"]
[TimeControl "2700+45"]

1. d4 Nf6 2. c4 e6 3. Nc3 Bb4 4. Bd2 O-O 5. e3 b6 6. Nf3 Bb7 7. Be2 Re8 8. a3
Bd6 9. O-O c5 10. Qc2 Nc6 11. Rfd1 cxd4 12. exd4 e5 13. dxe5 Nxe5 14. Bg5 Nxf3+
15. Bxf3 Bxf3 16. Rxd6 Bh5 17. Nd5 Re2 18. Qc3 Nxd5 19. Rxd5 Qe8 20. Be3 Bg6 21.
Rad1 Rd8 22. Kf1 Rc2 23. Qd4 h6 24. Re5 Qf8 25. Rc1 Re8 26. Rxc2 Bxc2 27. Rxe8
Qxe8 28. Qg4 Qe6 29. Qe2 Bb3 30. Ke1 Bxc4 31. Qf3 Bd5 32. Qg3 {Game drawn by
mutual agreement} 1/2-1/2

[Event "Team 45 45 League T57"]
[Site "Internet Chess Club"]
[Date "2013.05.29"]
[Round "2"]
[White "Constrictor"]
[Black "netballgirl"]
[Result "1/2-1/2"]
[WhiteElo "1698"]
[BlackElo "1758"]
[Opening "Réti: Nimzovich-Larsen attack"]
[ECO "A06"]
[Time "20:00:13"]
[TimeControl "2700+45"]

1. Nf3 d5 2. b3 Nf6 3. e3 g6 4. Bb2 Bg7 5. Ne5 Nbd7 6. f4 Nxe5 7. Bxe5 O-O 8. d3
Nd7 9. Bxg7 Kxg7 10. Be2 e5 11. O-O c6 12. f5 Nf6 13. g4 gxf5 14. gxf5 Kh8 15.
Kh1 Rg8 16. Nd2 Qb6 17. e4 dxe4 18. Nxe4 Nxe4 19. dxe4 Qe3 20. Bf3 Qh6 21. Qd3
Qf6 22. Rad1 b6 23. Rg1 Bb7 24. Qd7 Rab8 25. Rxg8+ Kxg8 26. Qc7 Rf8 27. Qxb7 Rd8
28. Qc7 Rxd1+ 29. Bxd1 Qh4 30. Bf3 Qe1+ 31. Kg2 Qd2+ 32. Kf1 Qc1+ 33. Kf2 Qd2+
34. Be2 Qf4+ 35. Ke1 Qc1+ 36. Kf2 Qf4+ 37. Ke1 Qc1+ 38. Bd1 Qe3+ 39. Kf1 Qf4+
40. Ke2 Qxe4+ 41. Kd2 Qd4+ 42. Kc1 Qa1+ 43. Kd2 Qd4+ 44. Kc1 Qa1+ 45. Kd2 Qd4+
{Game drawn by repetition} 1/2-1/2

[Event "Team 45 45 League T57"]
[Site "Internet Chess Club"]
[Date "2013.06.01"]
[Round "2"]
[White "JohLeb"]
[Black "alaskauk"]
[Result "0-1"]
[WhiteElo "1317"]
[BlackElo "1468"]
[Opening "QGD Slav: 4.Nc3"]
[ECO "D15"]
[Time "13:00:41"]
[TimeControl "2700+45"]

1. d4 d5 2. c4 c6 3. Nc3 Nf6 4. Nf3 Bg4 5. e3 e6 6. Be2 Bb4 7. a3 Ba5 8. O-O O-O
9. b4 Bc7 10. c5 Bxf3 11. Bxf3 Nbd7 12. Re1 b6 13. Rb1 e5 14. e4 exd4 15. Qxd4
Be5 16. Qd3 bxc5 17. exd5 Qc7 18. h3 Rfe8 19. Kf1 Bxc3 20. Rxe8+ Rxe8 21. Qxc3
Qh2 22. g3 Qxh3+ 23. Kg1 cxd5 24. Bd2 Ng4 25. Bxg4 Qxg4 26. Kg2 Qe4+ {White
resigns} 0-1

[Event "Team 45 45 League T57"]
[Site "Internet Chess Club"]
[Date "2013.06.03"]
[Round "2"]
[White "fireball"]
[Black "rahulr"]
[Result "1/2-1/2"]
[WhiteElo "1696"]
[BlackElo "1559"]
[Opening "Queen's pawn: Torre attack"]
[ECO "A46"]
[Time "19:07:03"]
[TimeControl "2700+45"]

1. d4 Nf6 2. Nf3 e6 3. Bg5 Be7 4. e3 b6 5. c4 Bb7 6. Nc3 O-O 7. Bd3 h6 8. Bh4 d5
9. O-O Nbd7 10. Ne5 Nxe5 11. dxe5 Nd7 12. Bg3 Bc5 13. Qg4 Qg5 14. Qf4 Rad8 15.
Bh4 Qxf4 16. exf4 f6 17. cxd5 exd5 18. e6 g5 19. fxg5 hxg5 20. Bg3 Ne5 21. Bf5
Rde8 22. Rae1 d4 23. Ne4 Ba6 24. Nxc5 bxc5 25. f4 Bxf1 26. Kxf1 gxf4 27. Bxf4
Re7 28. Bxe5 fxe5 29. Rxe5 Rd8 30. Rxc5 d3 31. Ke1 d2+ 32. Kd1 Rg7 33. Be4 Kf8
34. Bf3 Rg6 35. Re5 Ke7 36. Re2 Rxe6 37. Rxd2 Rxd2+ 38. Kxd2 Kf6 39. h3 Re5 40.
Kd3 Kf5 {Game drawn by mutual agreement} 1/2-1/2

[Event "Team 45 45 League T57"]
[Site "Internet Chess Club"]
[Date "2013.06.03"]
[Round "2"]
[White "Check101"]
[Black "Ajolote"]
[Result "1/2-1/2"]
[WhiteElo "1583"]
[BlackElo "1526"]
[Opening "Ruy Lopez: classical defense, 4.c3"]
[ECO "C64"]
[Time "20:01:00"]
[TimeControl "2700+45"]

1. e4 e5 2. Nf3 Nc6 3. Bb5 Bc5 4. c3 Nf6 5. O-O d6 6. d4 exd4 7. cxd4 Bb4 8. a3
Ba5 9. b4 Bb6 10. d5 a6 11. Ba4 O-O 12. dxc6 Nxe4 13. cxb7 Bxb7 14. Re1 Bxf2+
15. Kh1 Bxe1 16. Qxe1 Qf6 17. Ra2 Bd5 18. Re2 c6 19. Bb2 Qh6 20. Bc2 Ng5 21.
Nbd2 Nxf3 22. Nxf3 Qf4 23. Qc3 f6 24. Qd3 g6 25. Re7 Rf7 26. Rxf7 Kxf7 27. Bb3
Bxb3 28. Qxb3+ d5 29. Qc3 Re8 30. g3 Qd6 31. Qd3 Qe6 32. Qxa6 Qe4 33. Qf1 g5 34.
Kg1 Qe3+ 35. Kh1 Qe4 36. Kg1 Qe3+ 37. Kh1 Qe4 {Game drawn by repetition} 1/2-1/2

[Event "Team 45 45 League T57"]
[Site "Internet Chess Club"]
[Date "2013.06.02"]
[Round "2"]
[White "GideonL"]
[Black "Conjurer"]
[Result "0-1"]
[WhiteElo "1442"]
[BlackElo "1478"]
[Opening "Giuoco Piano: four knights variation"]
[ECO "C47"]
[Time "20:00:40"]
[TimeControl "2700+45"]

1. e4 e5 2. Nf3 Nc6 3. Nc3 Nf6 4. Bc4 Bc5 5. O-O O-O 6. d3 Re8 7. Bg5 h6 8. Bh4
Be7 9. Re1 d6 10. h3 Na5 11. Bb3 Nxb3 12. axb3 c6 13. Bg3 Bf8 14. Qd2 Qc7 15.
Re2 Nh5 16. Bh2 f5 17. Nh4 f4 18. Rae1 Qf7 19. Nf3 b5 20. d4 b4 21. Na2 a5 22.
dxe5 dxe5 23. Qd3 Ba6 24. Qd2 Bxe2 25. Qxe2 Bc5 26. Rd1 Ng3 27. Qe1 Qa7 28. Nd2
Rad8 29. Nc1 Bxf2+ 30. Qxf2 Qxf2+ 31. Kxf2 Nxe4+ 32. Ke2 Nxd2 33. Rxd2 Rxd2+ 34.
Kxd2 g5 35. Ke2 e4 36. Bg1 Re5 37. Bd4 Rd5 38. c3 c5 39. Bf2 Kf7 40. c4 Re5 41.
g3 f3+ 42. Ke3 Kf6 43. g4 Kg6 44. Bg3 Re6 45. Bc7 Ra6 46. Bd8 a4 47. Be7 a3 48.
bxa3 Rxa3 49. Bxc5 Ra1 50. Ne2 {White resigns} 0-1

[Event "Team 45 45 League T57"]
[Site "Internet Chess Club"]
[Date "2013.06.02"]
[Round "2"]
[White "seattleblues"]
[Black "seldredg"]
[Result "1-0"]
[WhiteElo "1476"]
[BlackElo "1297"]
[Opening "Queen's pawn game"]
[ECO "A46"]
[Time "13:33:40"]
[TimeControl "2700+45"]

1. d4 Nf6 2. Nf3 e6 3. Bf4 b6 4. e3 Bb7 5. Nbd2 c5 6. c3 Nc6 7. Bd3 Be7 8. Bg3
Nh5 9. Nc4 Nxg3 10. hxg3 g6 11. Qe2 Qc7 12. Nfd2 Bf6 13. Ne4 Be7 14. Na3 d5 15.
Nb5 Qd7 16. Nd2 c4 17. Bc2 Na5 18. a4 Bf6 19. e4 e5 20. exd5 Qxd5 21. Nc7+ Kd7
22. Nxd5 Bxd5 23. Be4 Rae8 24. Qf3 exd4 25. Qxf6 Bxe4 26. Qxd4+ Bd5+ 27. Kf1 Nc6
28. Qxd5+ Kc7 29. Qxc4 Rd8 30. Rd1 Rd7 31. Rh4 Kb7 32. Qe2 Re7 33. Re4 Rd7 34.
Nc4 Rhd8 35. Rxd7+ Rxd7 36. Ne5 Rd5 37. Nxc6 Kc7 38. Nxa7 Ra5 39. Nb5+ Kb7 40.
b3 {Black resigns} 1-0

[Event "Team 45 45 League T57"]
[Site "Internet Chess Club"]
[Date "2013.06.01"]
[Round "2"]
[White "JasonModer"]
[Black "oldsj"]
[Result "0-1"]
[WhiteElo "1400"]
[BlackElo "1608"]
[Opening "Sicilian: closed"]
[ECO "B23"]
[Time "09:02:31"]
[TimeControl "2700+45"]

1. e4 c5 2. Nc3 d6 3. Nf3 Nc6 4. Bc4 e6 5. O-O Nf6 6. d4 cxd4 7. Nxd4 Be7 8. Bg5
a6 9. Nf3 O-O 10. Bf4 b5 11. Bb3 b4 12. Ne2 Nxe4 13. Ned4 Nxd4 14. Nxd4 d5 15.
Nc6 Qe8 16. Nxe7+ Qxe7 17. Re1 Bb7 18. Qe2 a5 19. a4 Ba6 20. Qe3 Qc5 21. Qxc5
Nxc5 22. Bd6 Nxb3 23. cxb3 Rfc8 24. Rec1 Bb7 25. Bf4 Kf8 26. Kf1 Ke8 27. Rxc8+
Rxc8 28. Rc1 Rxc1+ 29. Bxc1 d4 30. g3 e5 31. Ke2 Kd7 32. Kd3 Kd6 33. f4 f6 34.
fxe5+ fxe5 35. Bg5 Kd7 36. Kc4 h6 37. Bd2 Bc6 38. Kc5 Kc7 39. Be1 d3 40. Kc4 e4
41. Bd2 Kd7 42. Kd4 Ke6 43. Kc5 Bd5 44. Kb5 Ke5 45. Kxa5 Kd4 46. Kxb4 e3 47.
Bc3+ Ke4 48. Bxg7 d2 49. Bxh6 d1=Q 50. Bxe3 Qxb3+ 51. Ka5 Qxe3 52. b4 Qc3 53.
Kb5 Bc6+ 54. Ka5 Bxa4 55. Kxa4 Qc4 56. h4 Kf3 57. h5 Kxg3 58. h6 Qc6+ 59. b5
Qxh6 60. Ka5 Qd6 61. b6 Qb8 62. Ka6 Kf4 63. Kb5 Ke5 64. Kc5 Ke6 65. Kc6 Ke7 66.
b7 Kd8 67. Kb6 Kd7 68. Ka6 Kc6 69. Ka5 Qxb7 70. Ka4 Kc5 71. Ka3 Kc4 72. Ka2 Kc3
73. Ka1 Kc2 74. Ka2 Qa6# {White checkmated} 0-1

[Event "Team 45 45 League T57"]
[Site "Internet Chess Club"]
[Date "2013.05.30"]
[Round "2"]
[White "Tjet"]
[Black "viktory"]
[Result "1-0"]
[WhiteElo "1495"]
[BlackElo "1430"]
[Opening "English: Caro-Kann defensive system"]
[ECO "D13"]
[Time "18:00:55"]
[TimeControl "2700+45"]

1. c4 c6 2. Nc3 d5 3. cxd5 cxd5 4. d4 Nf6 5. Nf3 Nc6 6. g3 e6 7. Bg2 Be7 8. O-O
O-O 9. h3 Qb6 10. e3 Rd8 11. a3 Qc7 12. Kh2 b6 13. Bd2 a5 14. Rc1 Ba6 15. Re1
Bd6 16. Qc2 Rac8 17. Bf1 Bxf1 18. Rxf1 Nh5 19. Rg1 Qe7 20. Nb5 Nxd4 21. Qxc8
Nxf3+ 22. Kh1 Rxc8 23. Rxc8+ Qf8 24. Rxf8+ Bxf8 25. Rd1 Nf6 26. Be1 Ne4 27. Kg2
Nxe1+ 28. Rxe1 g5 29. Rc1 Bc5 30. Rc2 f5 31. Nd4 Kf7 32. Nb3 Bd6 33. Rc6 a4 34.
Nd4 Bc5 35. Nxe6 Bd6 36. Nxg5+ Nxg5 37. Rxd6 b5 38. Rxd5 Ke6 39. Rxb5 Ne4 40.
Ra5 h5 41. Rxa4 h4 42. gxh4 Nc5 43. Rb4 Kd5 44. Rb5 Kc4 45. Rxc5+ Kb3 46. h5
Kxb2 47. h6 Kxa3 48. Rb5 Ka4 49. Rb8 Ka5 50. h7 Ka6 51. h8=Q Ka7 52. Qb2 Ka6 53.
Qa3# {Black checkmated} 1-0

[Event "Team 45 45 League T57"]
[Site "Internet Chess Club"]
[Date "2013.06.02"]
[Round "2"]
[White "mindstorm"]
[Black "stanbeers"]
[Result "0-1"]
[WhiteElo "1329"]
[BlackElo "1533"]
[Opening "KP: Nimzovich defense"]
[ECO "B00"]
[Time "20:00:23"]
[TimeControl "2700+45"]

1. e4 Nc6 2. d4 d6 3. Nf3 Nf6 4. Nc3 Bg4 5. Be2 g6 6. h3 Bd7 7. O-O Bg7 8. Be3
e5 9. d5 Nb8 10. Bd3 a6 11. Ne2 c6 12. c4 O-O 13. Nc3 Re8 14. a4 c5 15. Qb3 Bc8
16. Qa3 Nbd7 17. b4 b6 18. Qb3 Rb8 19. Rfb1 Bb7 20. bxc5 bxc5 21. Qc2 Qc7 22.
Rb3 Ba8 23. Rxb8 Rxb8 24. Rb1 Bb7 25. Qd2 Bc8 26. Rxb8 Qxb8 27. g4 Nf8 28. Bh6
Bh8 29. Bxf8 Kxf8 30. Qh6+ Bg7 31. Qh4 Qb2 32. Nd1 Qb3 33. Be2 Qc2 34. Kf1 Qxe4
35. Qg3 Qc2 36. g5 Ne4 37. Qh4 Nd2+ 38. Nxd2 Qxd2 39. Qxh7 Qxg5 40. h4 Qd2 41.
h5 Bh3+ 42. Kg1 Qg5+ 43. Kh2 Qg2# {White checkmated} 0-1

[Event "Team 45 45 League T57"]
[Site "Internet Chess Club"]
[Date "2013.06.01"]
[Round "2"]
[White "Fogbound"]
[Black "RookCommander1"]
[Result "1-0"]
[WhiteElo "1264"]
[BlackElo "1266"]
[Opening "Queen's pawn: London system"]
[ECO "A45"]
[Time "14:04:31"]
[TimeControl "2700+45"]

1. d4 Nf6 2. Bf4 g6 3. e3 Bg7 4. Nf3 O-O 5. Be2 d6 6. Nbd2 Nbd7 7. Nc4 a6 8. c3
b5 9. Na5 Re8 10. Nc6 e5 11. Nxd8 Rxd8 12. dxe5 Ng4 13. Bg5 Re8 14. exd6 cxd6
15. Nd4 Nge5 16. O-O Nb6 17. Nf3 Re6 18. Nd4 Re8 19. f4 Nec4 20. Bxc4 Nxc4 21.
Re1 Nxb2 22. Qc2 Nc4 23. e4 Bb7 24. a4 b4 25. Ra2 bxc3 26. Qxc3 Nb6 27. Qb4
Bxd4+ 28. Qxd4 Nc8 29. Bh6 f6 30. Qxf6 Re7 31. Qf8# {Black checkmated} 1-0

[Event "Team 45 45 League T57"]
[Site "Internet Chess Club"]
[Date "2013.05.30"]
[Round "2"]
[White "cysk"]
[Black "Otelo"]
[Result "0-1"]
[WhiteElo "1772"]
[BlackElo "1843"]
[Opening "Sicilian: closed, 2...Nc6"]
[ECO "B23"]
[Time "22:15:52"]
[TimeControl "2700+45"]

1. e4 c5 2. Nc3 Nc6 3. Bb5 e6 4. Bxc6 bxc6 5. f4 d6 6. Nf3 Nf6 7. d3 Be7 8. O-O
O-O 9. Qe1 Qc7 10. e5 Nd5 11. Ne4 Rb8 12. exd6 Bxd6 13. Nxd6 Qxd6 14. Qe5 Rd8
15. Ng5 Nb4 16. Rf2 Ba6 17. Qxd6 Rxd6 18. Ne4 Rd5 19. a3 Nxc2 20. Rxc2 Bxd3 21.
Rxc5 Bxe4 22. Rxc6 Rd1+ {White resigns} 0-1

[Event "Team 45 45 League T57"]
[Site "Internet Chess Club"]
[Date "2013.06.04"]
[Round "2"]
[White "cyborg86"]
[Black "cityprosecutor"]
[Result "0-1"]
[WhiteElo "1889"]
[BlackElo "1875"]
[Opening "Pirc: classical (two knights) system"]
[ECO "B08"]
[Time "17:40:08"]
[TimeControl "2700+45"]

1. e4 d6 2. d4 Nf6 3. Nc3 g6 4. Nf3 Bg7 5. Bc4 Nc6 6. O-O Bg4 7. Be3 O-O 8. h3
Bxf3 9. Qxf3 e5 10. dxe5 Nxe5 11. Qe2 Nxe4 12. Nxe4 Nxc4 13. Qxc4 d5 14. Qd3
dxe4 15. Qxe4 b6 16. Rad1 Qe8 17. Qf3 Bxb2 18. Rfe1 Qa4 19. Bh6 Bg7 20. Bxg7
Kxg7 21. Qc3+ Kg8 22. Re7 Rae8 23. Rdd7 Rxe7 24. Rxe7 c5 25. a3 a5 26. Qb2 b5
27. Rc7 b4 28. axb4 cxb4 29. Rc4 Qb5 30. Qb3 Rb8 31. Rc7 Qe8 32. Ra7 Ra8 33. Qe3
Qc6 34. Rxa8+ Qxa8 35. Qb3 Qc6 36. Qd3 Qc5 37. Qa6 Qxc2 38. Qxa5 Qc3 39. Qd8+
Kg7 40. Qd1 b3 41. Qb1 b2 {White resigns} 0-1

[Event "Team 45 45 League T57"]
[Site "Internet Chess Club"]
[Date "2013.06.02"]
[Round "2"]
[White "Warpdrive"]
[Black "chrisgianno"]
[Result "1-0"]
[WhiteElo "1696"]
[BlackElo "1684"]
[Opening "French: exchange variation"]
[ECO "C01"]
[Time "13:45:30"]
[TimeControl "2700+45"]

1. e4 e6 2. d4 d5 3. exd5 exd5 4. Nf3 c5 5. Bb5+ Bd7 6. Bxd7+ Nxd7 7. O-O Ngf6
8. Re1+ Be7 9. dxc5 O-O 10. b4 Ne4 11. Bb2 Ndf6 12. Nc3 Nxf2 13. Kxf2 Ng4+ 14.
Kg1 Bh4 15. Re2 Qf6 16. Qd4 Qxd4+ 17. Nxd4 f5 18. Nxd5 f4 19. Nf3 Rad8 20. c4 g5
21. Re7 Bf2+ 22. Kf1 Be3 23. Rg7+ Kh8 24. Rxg5+ Rf6 {Black resigns} 1-0

[Event "Team 45 45 League T57"]
[Site "Internet Chess Club"]
[Date "2013.06.03"]
[Round "2"]
[White "IAmGoodAtChess"]
[Black "CKNIGHT3"]
[Result "1/2-1/2"]
[WhiteElo "1615"]
[BlackElo "1674"]
[Opening "Sicilian"]
[ECO "B50"]
[Time "22:00:06"]
[TimeControl "2700+45"]

1. e4 c5 2. Nf3 d6 3. c3 Nf6 4. Be2 a6 5. O-O e6 6. Re1 Nbd7 7. Qc2 b5 8. d4
cxd4 9. cxd4 Bb7 10. Bd3 Rc8 11. Qe2 Qc7 12. Bd2 Qb6 13. Nc3 b4 14. Na4 Qa5 15.
b3 d5 16. e5 Ne4 17. Bxe4 dxe4 18. Ng5 Qd5 19. Qxe4 Rc2 20. Qxd5 Bxd5 21. Be3 f6
22. exf6 gxf6 23. Nh3 Rg8 24. Nf4 Be4 25. g3 Kf7 26. Rec1 Rxc1+ 27. Rxc1 e5 28.
dxe5 fxe5 29. Nh3 h6 30. Nc5 Bxc5 31. Bxc5 Rc8 32. Be3 Rxc1+ 33. Bxc1 a5 34. a3
Kg6 35. axb4 axb4 36. Bd2 Kh5 37. f4 Bc2 38. Bxb4 Bxb3 39. Bd6 Be6 40. Kg2 Bd5+
41. Kg1 Be6 42. Kg2 Bd5+ 43. Kg1 Be6 44. Nf2 exf4 45. Bxf4 Nf6 46. h3 Kg6 47.
Be5 h5 48. Kh2 Nd7 49. Bd4 Kf5 50. Kg2 Bd5+ 51. Kh2 Bf3 52. Be3 Ne5 53. g4+ hxg4
54. hxg4+ Nxg4+ 55. Nxg4 {Game drawn by mutual agreement} 1/2-1/2